 Dungeon Crawl Stone Soup version 0.29.1-2-gbd0b4ee654 (webtiles) character file.

Game seed: 4582857650905305164

463 Icepheonix32 the Chopper (level 6, -2/51 HPs)
             Began as a Demigod Fighter on Nov 3, 2022.
             Slain by a lemure (3 damage)
             ... led by Pikel
             ... on level 5 of the Dungeon.
             The game lasted 00:05:15 (4258 turns).

Icepheonix32 the Chopper (Demigod Fighter)          Turns: 4258, Time: 00:05:16

Health: -2/51      AC: 13    Str: 25    XL:     6   Next: 50%
Magic:  8/8        EV:  8    Int: 10    God:
Gold:   156        SH:  5    Dex: 13    Spells: 5/5 levels left

rFire   . . .      SeeInvis .   a - +0 war axe
rCold   . . .      Faith    .   c - +0 buckler
rNeg    . . .      Spirit   .   t - +1 chain mail {rPois}
rPois   +          Reflect  .   h - +2 helmet
rElec   .          Harm     .   (no cloak)
rCorr   .          Rampage  .   (no gloves)
Will    .....                   (no boots)
Stlth   ..........              (no amulet)
HPRegen 0.17/turn               (no ring)
MPRegen 0.11/turn               (no ring)

@: no status effects
A: high MP 1, forlorn, divine attributes
a: no special abilities


You were on level 5 of the Dungeon.
You visited 1 branch of the dungeon, and saw 5 of its levels.

You collected 156 gold pieces.

Inventory:

Hand Weapons
 a - a +0 war axe (weapon)
 u - a +1 dagger of draining
Missiles
 r - 4 boomerangs (quivered)
Armour
 b - a +0 scale mail
 c - a +0 buckler (worn)
 h - a +2 helmet (worn)
 m - a +0 helmet of intelligence
 t - a +1 chain mail of poison resistance (worn)
Scrolls
 e - 2 scrolls of immolation {unknown}
 g - 5 scrolls of teleportation {unknown}
 j - a scroll of poison {unknown}
 p - a scroll of enchant armour {unknown}
 q - a scroll of acquirement {unknown}
 s - 4 scrolls of identify {unknown}
 v - 2 scrolls of magic mapping {unknown}
 w - a scroll of enchant weapon {unknown}
Potions
 d - 2 potions of might
 f - 4 potions of attraction {unknown}
 i - a potion of flight {unknown}
 k - 4 potions of ambrosia {unknown}
 l - 2 potions of curing {unknown}
 n - 2 potions of degeneration {unknown}
 o - a potion of brilliance {unknown}
 x - a potion of lignification {unknown}


   Skills:
 + Level 3.3 Fighting
 + Level 1.1 Short Blades
 - Level 4.2 Axes
 + Level 0.1 Throwing
 + Level 4.2 Armour
 + Level 1.3 Dodging
 + Level 0.3 Stealth
 + Level 3.7 Shields


You had 5 spell levels left.
You didn't know any spells.
Your spell library contained the following spells:

 Spells                   Type           Power      Damage    Failure   Level
 Magic Dart               Conj           0%         1d3       97%         1
 Ensorcelled Hibernation  Hex/Ice        0%         N/A       99%         2
 Searing Ray              Conj           0%         2d4       99%         2
 Gell's Gravitas          Tloc           0%         N/A       100%        3
 Spider Form              Tmut/Pois      0%         N/A       100%        3
 Teleport Other           Tloc           0%         N/A       100%        3
 Anguish                  Hex/Necr       0%         N/A       100%        4
 Fulminant Prism          Conj/Hex       0%         3d6       100%        4
 Dispersal                Tloc           0%         N/A       100%        6


Dungeon Overview and Level Annotations

Branches:
Dungeon (5/15)
 Temple: D:4-7

Annotations:
D:5 Pikel


Innate Abilities, Weirdness & Mutations

You have an increased reservoir of magic. (+10% MP)
You shall have no god before yourself.
Your divine heritage dramatically boosts your attributes as you level up.


Message History

You slash Pikel!
Pikel is moderately wounded.
You block Pikel's attack. The lemure hits you.
You barely miss Pikel.
Pikel is lightly wounded.
You slash the lemure! You block Pikel's attack. The lemure closely misses you.
You slash the lemure!
You kill the lemure!
That felt strangely unrewarding.
You closely miss the lemure. You closely miss Pikel.
Pikel hits you with a +2 whip of electrocution.
You slash Pikel!
Pikel is heavily wounded.
You slash the lemure! You hit the lemure but do no damage.
The lemure hits you but does no damage. Pikel closely misses you.
The lemure completely misses you. You block Pikel's attack.
The lemure closely misses you. The lemure hits you but does no damage.
The lemure hits you.
You slash Pikel!
Pikel is almost dead.
You hit the lemure but do no damage. You closely miss the lemure.
You barely miss the lemure. The lemure hits you but does no damage.
Pikel barely misses you.
The lemure hits you but does no damage. x2
You barely miss Pikel.
Pikel is almost dead.
You closely miss the lemure. You hit the lemure. You closely miss the lemure.
The lemure hits you but does no damage.
Pikel hits you with a +2 whip of electrocution!
The lemure hits you! The lemure hits you but does no damage.
You hit Pikel.
Pikel is almost dead.
You slash the lemure! You completely miss the lemure.
You barely miss the lemure. The lemure barely misses you.
Pikel hits you with a +2 whip of electrocution.
The lemure hits you but does no damage. You block the lemure's attack.
Pikel hits you but does no damage.
You are electrocuted!!
* * * LOW HITPOINT WARNING * * *
The lemure hits you but does no damage. You block the lemure's attack.
The lemure hits you.
You die...

..............#
<.............#.....#
).............+.....#
..............#..... .
..............#...# .#
######.....####...###..#
#.....#....(......#
#.....#....55.....#
#.....#....@K.....+
###.....#†##..5####.#
............#...#
............#.....
.............#......#
.............#....!.#
.............#......#
............#......#
............#


You could see Pikel and 3 lemures.

Vanquished Creatures
  An ogre (D:4)
  A lemure (D:5)
  A scorpion (D:5)
  An orc priest (D:5)
  3 orc wizards
  Robin (D:2)
  4 gnolls (D:2)
  6 adders
  A dart slug (D:1)
  11 orcs
  6 ball pythons
  4 endoplasms
  4 giant cockroaches
  16 goblins
  14 hobgoblins
  6 jackals
  5 bats
  5 frilled lizards
  9 kobolds
  3 rats
102 creatures vanquished.

Vanquished Creatures (others)
  2 plants (D:3)
2 creatures vanquished.

Grand Total: 104 creatures vanquished

Notes
Turn   | Place    | Note
-------+----------+-------------------------------------------
     0 | D:1      | Icepheonix32 the Demigod Fighter began the quest for the
                  | Orb.
     0 | D:1      | Reached XP level 1. HP: 18/18 MP: 3/3
   582 | D:1      | Reached XP level 2. HP: 25/25 MP: 4/4
  1290 | D:2      | Reached XP level 3. HP: 23/31 MP: 5/5
  1431 | D:2      | Reached XP level 4. HP: 35/38 MP: 6/6
  1438 | D:2      | Noticed Robin
  1460 | D:2      | Killed Robin
  1606 | D:2      | Reached skill level 1 in Dodging
  2530 | D:3      | Reached XP level 5. HP: 35/37 MP: 7/7
  2563 | D:3      | Identified the +8 short sword "Ogrebane" {elec, *Slow rC+
                  | Int+4 Stlth+}
  3653 | D:4      | Noticed an ogre
  3662 | D:4      | Killed an ogre
  3796 | D:4      | Reached XP level 6. HP: 46/51 MP: 8/8
  4175 | D:5      | Entered Level 5 of the Dungeon
  4213 | D:5      | Reached skill level 1 in Short Blades
  4247 | D:5      | Noticed Pikel
  4258 | D:5      | HP: 1/51 [Pikel/+2 whip of electrocution (19)]
  4258 | D:5      | Slain by a lemure

Illustrated notes

Levels and vault maps discovered:
D:1:      lightli_arrival_flooded_house, layout_loops_corners,
          kennysheep_nondescript, minmay_crystal_room, minmay_distorted
D:2:      layout_basic, hellmonk_ecumenical_altar_run_dry,
          grunt_decor_arrowhead, uniq_robin
D:3:      layout_basic, serial_bayou_lake_a
D:4:      layout_loops_cross
D:5:      layout_gridville, minmay_temple_entry_butterflies, serial_shops,
          nicolae_square_shop, cheibrodos_gnoll_hut, uniq_pikel

Skill      XL: |  1  2  3  4  5  6 |
---------------+-------------------+-----
Axes           | 2 3 4 |  4.2
Armour         | 3 4 |  4.2
Fighting       | 3 |  3.3
Shields        | 3 |  3.7
Dodging        | 1 |  1.3
Short Blades   | 1 |  1.1
Throwing       | |  0.1
Stealth        | |  0.3

Action                   |  1- 3 |  4- 6 || total
-------------------------+-------+-------++-------
Melee: War axe           |    81 |   158 ||   239
       Dagger            |       |    76 ||    76
Throw: Boomerang         |       |     2 ||     2
Armor: Scale mail        |    57 |    39 ||    96
       Chain mail        |       |    95 ||    95
Dodge: Dodged            |    41 |   105 ||   146
Block: Buckler           |    23 |    76 ||    99
